Cogmind - Beta 10.2 @@@ ROGUE MODE // 2022.01.14 @ 09:42:50 Player: Triffids Result: Self-destructed Performance ------------- Evolutions (1) 500 Regions Visited (2) 400 Robots Destroyed (16) 80 Value Destroyed (438) 438 Prototype IDs (2) 40 Alien Tech Used (0) 0 Bonus (0) 0 TOTAL SCORE: 1458 Bonus ------- None Cogmind --------- Core Integrity 376/400 Matter 280/300 Energy 115/125 System Corruption 0% Temperature Cool (0) Movement Walking (150) Ox1 Location -9/Materials Parts ------- > --- POWER (1) -------- Light Ion Engine > --- PROPULSION (2) --- Aluminum Leg Aluminum Leg > --- UTILITY (3) ------ Medium Storage Unit Core Shielding Light Armor Plating > --- WEAPON (3) ------- Heavy Assault Rifle Shotgun Mining Claw > --- INVENTORY (8) ---- Light Ion Engine Aluminum Leg Aluminum Leg Improved Heat Sink Signal Interpreter Medium Armor Plating Shotgun Shotgun Peak State ------------ > --- POWER ------------ Light Ion Engine > --- PROPULSION ------- Aluminum Leg Aluminum Leg > --- UTILITY ---------- Medium Storage Unit Core Shielding Medium Armor Plating > --- WEAPON ----------- Heavy Assault Rifle Shotgun Mining Claw > --- INVENTORY -------- Ion Engine Light Ion Engine Aluminum Leg Aluminum Leg Improved Heat Sink Signal Interpreter Medium Armor Plating Assault Rifle [Rating: 13] Favorites ----------- Power Light Ion Engine Engine Light Ion Engine Propulsion Aluminum Leg Leg Aluminum Leg Utility Medium Storage Unit Storage Medium Storage Unit Protection Medium Armor Plating Weapon Mining Claw Energy Gun EM Pulse Gun Ballistic Gun Assault Rifle Slashing Weapon Mining Claw Build | -11 -10 -9 ------- Run | Scr Mat Mat Slots Evolved 2 | . . 2 Power . | . . . Propulsion . | . . . Utility 1 | . . 1 Weapon 1 | . . 1 Parts Attached 20 | 6 8 6 Power 2 | 1 1 . Engine 2 | 1 1 . Core . | . . . Reactor . | . . . Propulsion 5 | 2 2 1 Treads . | . . . Leg 5 | 2 2 1 Wheel . | . . . Hover . | . . . Flight . | . . . Utility 6 | 1 3 2 Device . | . . . Storage 2 | 1 1 . Processor . | . . . Hackware . | . . . Protection 4 | . 2 2 Artifact . | . . . Weapon 7 | 2 2 3 Energy Gun 1 | 1 . . Energy Cannon . | . . . Ballistic Gun 5 | 1 1 3 Ballistic Cannon . | . . . Launcher . | . . . Special Weapon . | . . . Impact Weapon . | . . . Slashing Weapon 1 | . 1 . Piercing Weapon . | . . . Special Melee Weapon . | . . . Unidentified Prototypes . | . . . Parts Lost 3 | . 3 . Power 1 | . 1 . Propulsion . | . . . Utility . | . . . Weapon 2 | . 2 . Highest Loss Streak 1 | . 1 . Average Slot Usage (%) 99 | . 98 100 Engine 12 | . 13 11 Leg 26 | . 28 22 Storage 13 | . 14 11 Protection 16 | . 13 22 Energy Gun 1 | . 2 . Ballistic Gun 16 | . 13 22 Slashing Weapon 11 | . 11 11 Naked Turns . | . . . Heaviest Build 27 | 11 22 27 Greatest Support 20 | 20 20 20 Greatest Overweight (x) 1 | 1 1 1 Average Overweight (x) . | . . 1 Largest Inventory Capacity 8 | 6 8 8 Average Capacity 7 | 5 7 8 Most Carried 8 | 5 8 8 Average Carried 6 | 3 6 7 Final Capacity 8 | 6 8 8 Final Carried 8 | 2 8 8 Class Distribution -------------------- 79% | Mutant 20% | Scavenger-Mutant Dominant Class ---------------- Mutant | -10/Materials Scavenger-Mutant | -9/Materials Resources | -11 -10 -9 ----------- Run | Scr Mat Mat Matter Collected 530 | 154 222 154 Remotely . | . . . Salvage Created 605 | . 410 195 Parts 31 | . 18 13 Haulers Intercepted 2 | . 2 . Recyclers Shooed . | . . . Parts Field Recycled . | . . . Retrieved Matter . | . . . Parts Self-Destructed . | . . . Prevented . | . . . Kills | -11 -10 -9 ------- Run | Scr Mat Mat Combat Hostiles Destroyed 13 | . 9 4 Melee 4 | . 4 . Guns 9 | . 5 4 Classes Destroyed 5 | . 3 2 Hauler 2 | . 2 . Watcher 1 | . . 1 Swarmer 3 | . 3 . Grunt 8 | . 6 2 Sentry 2 | . . 2 Best Kill Streak 4 | . 4 2 Combat Bots Only 3 | . 3 2 Max Kills in Single Turn 1 | . 1 1 Gunslinging . | . . . Exploded . | . . . Melee 1 | . 1 . Uniques/NPCs Destroyed . | . . . Combat | -11 -10 -9 -------- Run | Scr Mat Mat Damage Taken 715 | . 520 195 Core 85 | . 61 24 Absorbed by Shields . | . . . Core Remaining (%) 87 | 100 75 . Volleys Fired 36 | . 17 19 Largest 2 | . 2 2 Hottest 60 | . 60 46 Shots Fired 68 | . 31 37 Gun 68 | . 31 37 Cannon . | . . . Launcher . | . . . Special . | . . . Kinetic 54 | . 17 37 Thermal . | . . . Explosive . | . . . Electromagnetic 14 | . 14 . Robot Hit Streak 12 | . 6 12 Robot Miss Streak 3 | . 2 3 Penetration Max . | . . . Secondary Targets . | . . . Shots Hit Robots 64 | . 35 29 Core Hits 26 | . 16 10 Critical Hits . | . . . Critical Kills . | . . . Critical Parts Destroyed . | . . . Melee Attacks 26 | . 25 1 Impact . | . . . Slashing 26 | . 25 1 Piercing . | . . . Sneak Attacks 1 | . 1 . Combat Hostiles . | . . . Follow-up Attacks . | . . . Damage Inflicted 1059 | . 620 439 Guns 698 | . 259 439 Cannons . | . . . Explosions . | . . . Melee 361 | . 361 . Ramming . | . . . Kinetic 563 | . 124 439 Thermal . | . . . Explosive . | . . . Electromagnetic 135 | . 135 . Impact . | . . . Slashing 361 | . 361 . Piercing . | . . . Highest Corruption . | . . . Average Corruption . | . . . Corruption Purged . | . . . Overload Shots . | . . . Overflow Damage 32 | . 32 . Projectiles . | . . . Explosions . | . . . Melee 32 | . 32 . Knockbacks . | . . . Impact . | . . . Kinetic . | . . . Secondary . | . . . Self-Inflicted Damage . | . . . Shots . | . . . Rammed . | . . . Targets Rammed . | . . . Kicked . | . . . Crushed . | . . . Highest Temperature 36 | . 36 4 Average Temperature 13 | . 17 3 Received Heat Transfer 348 | . 273 75 Siege Activations . | . . . Robots Corrupted . | . . . Combat Hostiles . | . . . Parts Fried . | . . . Impact Corruptions . | . . . Robots Melted . | . . . Combat Hostiles . | . . . Parts Melted 1 | . 1 . Heat Transferred . | . . . Parts Sabotaged . | . . . Parts Stolen . | . . . Parts Stripped . | . . . Power Chain Reactions . | . . . Missiles Intercepted . | . . . Alert | -11 -10 -9 ------- Run | Scr Mat Mat Peak Influence 272 | . 272 176 Initial 44 | . . 44 Average 119 | . 139 95 Maximum Alert Level 1 | . 1 . Low Security (%) 81 | 100 71 100 Level 1 18 | . 28 . Level 2 . | . . . Level 3 . | . . . Level 4 . | . . . Level 5 . | . . . High Security . | . . . Max Security . | . . . Squads Dispatched 1 | . . 1 Investigation 1 | . . 1 Extermination . | . . . Reinforcement . | . . . Assault . | . . . Garrison . | . . . Intercept . | . . . Construction Impeded . | . . . Haulers Reinforced . | . . . Stealth | -11 -10 -9 --------- Run | Scr Mat Mat Distress Signals 1 | . . 1 Communications Jammed . | . . . Distress Signals . | . . . Times Spotted 19 | . 13 6 Peak Tracking Total 3 | . 3 2 Tactical Retreats 3 | . 3 . Traps | -11 -10 -9 ------- Run | Scr Mat Mat Traps Triggered . | . . . Indirectly . | . . . Trap Hack Attempts . | . . . Triggered . | . . . Disarmed . | . . . Reprogrammed . | . . . Reused . | . . . Traps Extracted . | . . . Installed . | . . . Triggered . | . . . Machines | -11 -10 -9 ---------- Run | Scr Mat Mat Machines Disabled . | . . . Max in Single Turn . | . . . Machines Sabotaged . | . . . Garrisons Compromised . | . . . Overloaded Fab Kills . | . . . Fab Network Shutdowns . | . . . Hacking | -11 -10 -9 --------- Run | Scr Mat Mat Machines Accessed 6 | . 5 1 Terminals 6 | . 5 1 Fabricators . | . . . Repair Stations . | . . . Recycling Units . | . . . Scanalyzers . | . . . Garrison Access . | . . . Total Hacks 15 | . 13 2 Successful 6 | . 6 . Failed 8 | . 6 2 Catastrophic 2 | . 1 1 Database Lockouts 1 | . 1 . Manual 9 | . 9 . Terminals 15 | . 13 2 Fabricators . | . . . Repair Stations . | . . . Recycling Units . | . . . Scanalyzers . | . . . Garrison Access . | . . . Terminal Hacks 4 | . 4 . Robot Analysis 1 | . 1 . Prototype ID Bank 1 | . 1 . Branch Access Points 1 | . 1 . Locate Traps 1 | . 1 . Fabricator Hacks . | . . . Repair Station Hacks . | . . . Recycling Unit Hacks . | . . . Scanalyzer . | . . . Garrison Access Hacks . | . . . Unauthorized Hacks 2 | . 2 . Terminals 2 | . 2 . Botnet 2 | . 2 . Fabricators . | . . . Repair Stations . | . . . Recycling Units . | . . . Scanalyzers . | . . . Garrison Access . | . . . Data Cores Recovered . | . . . Used . | . . . Hacking Detections 6 | . 5 1 Full Trace Events 1 | . . 1 Feedback Events . | . . . Feedback Blocked . | . . . Robot Schematics Acquired . | . . . Robots Built . | . . . Matter . | . . . Time . | . . . Total Robot Build Rating . | . . . Part Schematics Acquired . | . . . Parts Built . | . . . Matter . | . . . Time . | . . . Total Part Build Rating . | . . . Parts Repaired . | . . . Time . | . . . Parts Recycled . | . . . Recycled Matter . | . . . Retrieved Matter . | . . . Retrieved Components . | . . . Parts Scanalyzed . | . . . Part Schematics Acquired . | . . . Parts Damaged . | . . . Bothacking | -11 -10 -9 ------------ Run | Scr Mat Mat Used RIF Installer . | . . . Robots Hacked . | . . . Non-combat . | . . . Combat . | . . . Robot Hacks Applied . | . . . Relay Couplers Released . | . . . Robots Rewired . | . . . Allies Hacked . | . . . Hacks Repelled . | . . . Allies | -11 -10 -9 -------- Run | Scr Mat Mat Total Allies . | . . . Largest Group . | . . . Highest-Rated Group . | . . . Highest-Rated Ally . | . . . Total Orders . | . . . Ally Attacks . | . . . Total Damage . | . . . Kills . | . . . Allies Corrupted . | . . . Allies Melted . | . . . Intel | -11 -10 -9 ------- Run | Scr Mat Mat Robot Analysis Total 1 | . 1 . Derelict Logs Recovered . | . . . Drone Launches . | . . . Drone Recoveries . | . . . Exploration | -11 -10 -9 ------------- Run | Scr Mat Mat Turns Passed 1092 | 41 699 352 Spaces Moved 584 | 32 380 172 Core 31 | 31 . . Treads . | . . . Legs 553 | 1 380 172 Wheels . | . . . Hover . | . . . Flight . | . . . Fastest Speed 50 | 50 120 150 Average Speed 140 | 89 140 150 Slowest Speed 150 | 120 150 150 Overloaded Moves . | . . . Propulsion Burnouts . | . . . Robots Hopped . | . . . Cave-ins Triggered . | . . . Exploration Rate (%) 25 | 4 55 16 Regions Visited 2 Branch Regions . Pre-discovered Areas . | . . . Known Exits Taken . | . . . Unknown Exits Taken 2 | 1 1 . Scrap Searched . | . . . Spaces Dug . | . . . Terrain Destroyed . | . . . Melee . | . . . Projectile . | . . . AOE . | . . . Terrain Rammed . | . . . Walls Destroyed . | . . . Machines Disabled . | . . . Actions | -11 -10 -9 --------- Run | Scr Mat Mat Total 739 | 43 466 230 Wait 48 | . 24 24 Move 582 | 31 379 172 Hop . | . . . Pick Up 17 | 6 8 3 Fast Attach 5 | 2 2 1 Attach 9 | 4 3 2 Detach 1 | . 1 . Swap 6 | . 3 3 Drop 9 | . 4 5 Fire 36 | . 17 19 Melee 26 | . 25 1 Ram . | . . . Kick . | . . . Crush . | . . . Escape Stasis . | . . . Rewire . | . . . Trap . | . . . Miscellaneous . | . . . Route ------- -11/Scrapyard -10/Materials (discovered 2 exits: *Mat / *Min) -9/Materials History --------- Turn | Location | Event 22 | -11/Scrapyard | Discovered new exit (range 14) 42 | -11/Scrapyard | Entered Materials 276 | -10/Materials | Discovered new exit (range 14) 306 | -10/Materials | Central database locked down 311 | -10/Materials | Build established: Mutant 465 | -10/Materials | Discovered new exit (range 3) 636 | -10/Materials | Identified exit to Mines 741 | -10/Materials | Entered another Materials area 741 | -9/Materials | Evolved 2 slots: Utility x1, Weapon x1 1093 | -9/Materials | Self-destructed Last Messages --------------- 00874_ K-01 Serf cleans the Neutrino Reactor. 00879_ Dropped Ion Engine. 00886_ Acquired Shotgun. 00887_ K-01 Serf collects debris. 00939_ Connecting with Terminal... 00939_ Current location identified: Materials 00939_ ALERT: Suspicious activity at Terminal M003. Dispatching Investigation squad. 00968_ K-01 Serf cleans the Electrolysis Chamber. 00974_ K-01 Serf collects debris. 00988_ G-34 Mercenary destroyed. 00995_ Dropped Aluminum Leg. 00998_ Acquired 45 matter. 01040_ U-05 Engineer lays Concrete. 01082_ Y-45 Defender destroyed. 01083_ K-01 Serf collects debris. 01086_ Acquired 49 matter. 01091_ Dropped Med. Armor Plating. 01091_ K-01 Serf collects debris. 01092_ Acquired Lgt. Armor Plating. Map ----- +----------------------------------------------------+ | ???????????????????????????????# #???????????? | | ???????????????????????????????# #???????????? | | ???????????????????????????????# """ #???????????? | | ???????????????????????????????# """ #???????????? | | ???????????????????????????????# """ #???????????? | | ???????????????????????????????# #???????????? | | ???????????????????????????????# """ #???????????? | | ???????????????????????????????# """ #???????????? | | ???????????????????????????????# """ #???????????# | | ???????????????????????????????# *=% #?????# ### | | ????????????????????# ##########+####????? T | | ????????????????????# %= #??????????# | | ????????????????? + #??????????? | | ????????????????????# #??????????? | | ????????????????????# ########### #??????????? | | ????????????????????#???#! ?????# #??????????? | | ????????????????????????# ?????# #??????????? | | ????????????????????#???# "????# #??????????? | | ????????????????????# ??# "????# #????????### | | ????????????????????# ??? ????# #???????? | | ????????????????????# ?? ????# #??????### | | ????????????????????# ??? ????# #??????# | | ????????????????????# ??? ????# #???????? | | ???????????########## ####+###### ########### | | ?????????? | | ?????????????????# !@= | | ?????????????????# [ !k | | ?????????????????### #####/#############+####### | | ???????????????????# ?#! ! ## %*[ #????? | | ???????????????????# ??# ## """ [ #????? | | ???????????????????????# """ """ ## "Y"![[[ #????? | | ???????????????????????# """ """ # [[ #????? | | ???????????????????????# """ """ ## """ #????? | | ???????????????????????# """ """ ## """ #????? | | ???????????????????????# """ """ ## """ #????? | | ???????????????????????# ## #????? | | ???????????????????????######################????? | | ?????????????????????????????????????????????????? | | ?????????????????????????????????????????????????? | | ?????????????????????????????????????????????????? | | ?????????????????????????????????????????????????? | | ?????????????????????????????????????????????????? | | ?????????????????????????????????????????????????? | | ?????????????????????????????????????????????????? | | ?????????????????????????????????????????????????? | | ?????????????????????????????????????????????????? | | ?????????????????????????????????????????????????? | | ?????????????????????????????????????????????????? | | ?????????????????????????????????????????????????? | | ?????????????????????????????????????????????????? | +----------------------------------------------------+ Best States ------------- Heat Dissipation 28 Energy Generation 10 Energy Capacity 125 Matter Stores 300 Matter Capacity 300 Sight Range 16 Terrain Scan Density 10 Armor Coverage 225 Core Shielding 20 Evasion (%) 40 Item Schematics ----------------- None Robot Schematics ------------------ None Fabricated ------------ Nothing Alien Tech Used ----------------- None Achievements -------------- None Challenges ------------ None Game ------ Seed CloakFrostPrototype Manual? 0 Play Time 00:16:24 Cumulative 103.3 hours Start 2022.01.13 @ 11:00:33 End 2022.01.14 @ 09:42:50 Sessions 3 Manual Loads 0 Difficulty Rogue Special Mode None Game No. 112 Rogue 112 Adventurer 0 Explorer 0 Win Type - Total 0 Types 0/0/0/0/0/0/0/0/0 Lore% 42 Gallery% 44 Achievement% 31 Wizard Run 0 Options --------- ASCII 0 Keyboard 1 Movement Vi Keybinds 0 Fullscreen 0 Font 20/SmallcapsGlow Map View 76x50 Tactical HUD 1 Map Filters NONE Filters NONE Steam 1 RUN: 4e35bf9b-e3cb-4981-8dce-b3c60bf93fb7